AoeStats
← Nerwerder

Arabia

506688460Analyzed
2v2 RM · 17d ago on Sep 14, 2026· 46m 34s· 4 players
Game mode
Random Map
Map size
Medium (4 player)
Population
200
Speed
Normal
Resources
Standard
Victory
Conquest
Starting age
Dark Age
Ending age
Imperial Age
RankedLock teamsTeams togetherTeam positionsShared explorationLock speedFull tech treeHidden civsTurbo modeCheats
Victory
Defeat
🇩🇪 Lithuanians · Germany
1279
+13
🇩🇪 Vietnamese · Germany
1278
+14
🇨🇱 Bulgarians · Chile
1242
-14
🇨🇱 Mongols · Chile
1213
-13
MatiasElGalan
8:07 Loom
10:44 Feudal Age
11:34 Double-Bit Axe
13:48 Horse Collar
21:59 Castle Age
22:01 Forging
23:53 Bow Saw
23:57 Scale Mail Armor
24:39 Iron Casting
24:06 Squires
25:17 Pikeman
29:30 Wheelbarrow
29:22 Fletching
31:49 Husbandry
32:01 Bloodlines
34:54 Scale Barding Armor
35:05 Town Watch
36:47 Gold Mining
38:04 Chain Barding Armor
42:06 Imperial Age
40:43 Hand Cart
42:09 Cavalier
43:52 Blast Furnace
44:23 Plate Barding Armor
44:56 Gold Shaft Mining
44:16 Stone Mining
45:51 Stone Shaft Mining
45:56 Bodkin Arrow
Dolph
8:24 Feudal Age
9:12 Double-Bit Axe
19:01 Castle Age
18:37 Fletching
19:54 Padded Archer Armor
19:22 Elite Skirmisher
20:04 Bodkin Arrow
27:57 Forging
29:04 Wheelbarrow
30:54 Bow Saw
34:16 Leather Archer Armor
37:41 Imperial Age
36:48 Loom
41:36 Thumb Ring
Eichhörnchen
6:58 Loom
9:33 Feudal Age
13:16 Fletching
24:53 Castle Age
23:24 Double-Bit Axe
25:50 Scale Barding Armor
25:42 Bodkin Arrow
27:10 Chain Barding Armor
27:46 Crossbowman
29:43 Bow Saw
29:58 Padded Archer Armor
31:39 Husbandry
33:55 Gold Mining
33:56 Stone Mining
35:41 Wheelbarrow
38:34 Imperial Age
36:31 Hand Cart
37:56 Ballistics
39:50 Bracer
40:26 Bloodlines
39:36 Light Cavalry
40:15 Horse Collar
41:19 Plate Barding Armor
40:55 Forging
41:05 Heavy Plow
41:39 Husbandry
Nerwerder
6:31 Loom
6:35 Loom
9:44 Feudal Age
11:32 Double-Bit Axe
15:09 Horse Collar
17:54 Fletching
22:27 Castle Age
22:28 Scale Barding Armor
23:11 Bloodlines
25:45 Gold Mining
27:17 Bow Saw
28:30 Ballistics
30:55 Heavy Plow
31:11 Husbandry
30:36 Elite Skirmisher
32:14 Padded Archer Armor
33:10 Chain Barding Armor
34:01 Bodkin Arrow
37:07 Forging
38:17 Wheelbarrow
37:28 Town Watch
40:09 Iron Casting
43:02 Imperial Age
41:45 Hand Cart
41:30 Town Patrol
41:44 Light Cavalry
43:17 Cavalier
45:24 Plate Barding Armor
45:14 Stone Mining
Connection lost

Rejoining the realm…

Still unreachable

The connection could not be restored.

Session expired

The server has moved on; the page needs a fresh start.